AoeStats
← Ndrangheta

Arena

508093369Analyzed
3v3 RM · 13d ago on Sep 20, 2026· 46m 20s· 6 players
Game mode
Random Map
Map size
Normal (6 player)
Population
200
Speed
Normal
Resources
Standard
Victory
Conquest
Starting age
Dark Age
Ending age
Imperial Age
RankedLock teamsTeams togetherTeam positionsShared explorationLock speedFull tech treeHidden civsTurbo modeCheats
Victory
Defeat
🇦🇷 Malay · Argentina
1391
+12
🇦🇷 Mongols · Argentina
1357
+14
🇦🇷 Persians · Argentina
1253
+17
🇩🇪 Britons · Germany
1309
-15
🇩🇪 Portuguese · Germany
1298
-14
🇩🇪 Gurjaras · Germany
1297
-14
Who am I
10:48 Feudal Age
12:19 Double-Bit Axe
12:17 Horse Collar
15:06 Castle Age
17:33 Wheelbarrow
18:34 Bow Saw
23:20 Heavy Plow
23:37 Hand Cart
23:10 Loom
23:58 Gold Mining
24:00 Stone Mining
24:26 Atonement
25:32 Redemption
25:43 Sanctity
28:06 Fervor
36:42 Imperial Age
36:34 Forging
36:30 Scale Barding Armor
37:01 Bloodlines
36:51 Husbandry
37:08 Light Cavalry
38:37 Crop Rotation
37:47 Hussar
38:50 Forging
38:46 Scale Barding Armor
40:32 Iron Casting
Dragon
1:17 Loom
11:11 Feudal Age
16:30 Castle Age
15:47 Double-Bit Axe
15:44 Horse Collar
15:57 Stone Mining
15:58 Gold Mining
18:24 Wheelbarrow
18:04 Bow Saw
18:42 Heavy Plow
19:42 Loom
26:47 Scale Mail Armor
26:58 Forging
27:24 Hand Cart
31:17 Imperial Age
29:15 Squires
28:35 Pikeman
29:06 Arson
29:41 Chain Mail Armor
30:01 Iron Casting
31:14 Fletching
32:32 Elite Longbowman
33:33 Conscription
33:34 Yeomen
34:21 Plate Mail Armor
34:28 Siege Engineers
34:48 Ballistics
34:35 Siege Engineers
35:31 Bodkin Arrow
35:36 Padded Archer Armor
36:12 Iron Casting
36:36 Bracer
37:23 Halberdier
38:22 Leather Archer Armor
39:08 Blast Furnace
41:26 Chemistry
40:37 Fortified Wall
siggi-lok
11:54 Feudal Age
15:42 Castle Age
14:12 Horse Collar
14:20 Double-Bit Axe
17:44 Heavy Plow
32:24 Imperial Age
34:11 Chemistry
33:28 Arquebus
33:50 Conscription
32:52 Pikeman
32:58 Elite Skirmisher
33:43 Thumb Ring
33:02 Pikeman
33:58 Loom
34:48 Wheelbarrow
33:59 Town Watch
34:39 Bow Saw
34:47 Halberdier
36:04 Siege Engineers
39:45 Fortified Wall
39:54 Scale Mail Armor
40:05 Forging
41:12 Chain Mail Armor
Ndrangheta
10:20 Feudal Age
11:40 Loom
14:46 Castle Age
13:43 Double-Bit Axe
13:39 Horse Collar
15:47 Bow Saw
24:24 Wheelbarrow
24:09 Bloodlines
24:41 Husbandry
35:24 Imperial Age
33:22 Scale Barding Armor
33:27 Forging
33:16 Gold Mining
34:41 Chain Barding Armor
35:02 Hand Cart
34:34 Town Watch
35:25 Fletching
36:11 Iron Casting
35:48 Cavalier
36:58 Bodkin Arrow
38:17 Conscription
38:01 Heavy Plow
38:35 Bracer
40:00 Blast Furnace
40:07 Ballistics
40:53 Hoardings
40:20 Padded Archer Armor
41:24 Chemistry
41:54 Masonry
41:45 Elite Mangudai
45:01 Capped Ram
46:24 Leather Archer Armor
Caña con ruda
10:56 Feudal Age
15:01 Castle Age
13:27 Double-Bit Axe
13:51 Horse Collar
15:23 Wheelbarrow
17:05 Bow Saw
17:54 Loom
21:09 Redemption
21:21 Sanctity
21:44 Redemption
24:21 Heavy Plow
24:12 Gold Mining
25:53 Atonement
27:55 Gold Shaft Mining
31:37 Imperial Age
28:44 Pikeman
29:25 Squires
30:04 Fletching
30:25 Forging
31:59 Hand Cart
31:06 Halberdier
33:25 Iron Casting
34:02 Chemistry
33:39 Padded Archer Armor
33:50 Fletching
35:01 Scale Barding Armor
35:33 Iron Casting
36:05 Husbandry
35:26 Elite Battle Elephant
36:04 Bodkin Arrow
36:10 Padded Archer Armor
36:32 Stone Mining
37:19 Conscription
38:31 Blast Furnace
37:32 Bracer
37:38 Town Watch
39:31 Town Patrol
40:33 Leather Archer Armor
39:44 Halberdier
43:03 Ring Archer Armor
42:55 Ballistics
44:25 Elite Karambit Warrior
45:57 Guilds
Kung Führer
10:56 Feudal Age
14:39 Castle Age
13:24 Double-Bit Axe
13:25 Horse Collar
17:02 Bow Saw
20:07 Heavy Plow
21:33 Loom
23:22 Stone Mining
26:34 Gold Mining
27:19 Stone Shaft Mining
28:24 Gold Shaft Mining
30:33 Imperial Age
28:43 Wheelbarrow
27:55 Town Watch
29:37 Forging
29:34 Scale Barding Armor
29:47 Bloodlines
29:42 Husbandry
31:15 Hand Cart
32:18 Conscription
33:03 Chain Barding Armor
35:18 Iron Casting
35:19 Plate Barding Armor
35:43 Crop Rotation
35:16 Town Patrol
35:52 Elite War Elephant
38:04 Blast Furnace
36:56 Fletching
37:45 Ballistics
38:25 Chemistry
37:21 Murder Holes
37:37 Masonry
38:10 Hoardings
44:58 Bodkin Arrow
45:21 Citadels
Connection lost

Rejoining the realm…

Still unreachable

The connection could not be restored.

Session expired

The server has moved on; the page needs a fresh start.